3A
MT. VERNON BULLS @ BELLEVUE BRUINS
06/21/2022
 
TOP OF THE 1ST
Mt. Vernon Bulls batting - Pitching for Bellevue Bruins : LHP Rafael Rivera
Pitching: LHP Rafael Rivera
Batting: LHB Raúl Trevino 0-0: Ground out 3-1 (Groundball, 34)
Batting: RHB Alfredo Mojica 0-0: Ball
1-0: Foul Ball, location: 2F
1-1: Ball
2-1: Foul Ball, location: 2F
2-2: Foul Ball, location: 2F
2-2: Strikes out swinging
Batting: RHB Habbo Allaart 0-0: Foul Ball, location: 2F
0-1: Ball
1-1: Called Strike
1-2: DOUBLE (Line Drive, 5L)
Batting: RHB Franklin Gestel 0-0: Called Strike
0-1: Ground out 5-3 (Groundball, 56)
Top of the 1st over - 0 run(s), 1 hit(s), 0 error(s), 1 left on base; Mt. Vernon 0 - Bellevue 0
BOTTOM OF THE 1ST
Bellevue Bruins batting - Pitching for Mt. Vernon Bulls : LHP Ismael Padilla
Pitching: LHP Ismael Padilla
Batting: RHB Nick Hoskins 0-0: Called Strike
0-1: Called Strike
0-2: Ball
1-2: Foul Ball, location: 2F
1-2: Ball
2-2: Ball
3-2: Strikes out swinging
Batting: RHB Leo Shoemaker 0-0: Called Strike
0-1: Ball
1-1: Ball
2-1: Fly out, F4 (Line Drive, 4)
Batting: RHB Jesús Vargas 0-0: Ball
1-0: Ball
2-0: Called Strike
2-1: Foul Ball, location: 2F
2-2: Ground out 6-3 (Groundball, 6)
Bottom of the 1st over - 0 run(s), 0 hit(s), 0 error(s), 0 left on base; Mt. Vernon 0 - Bellevue 0
TOP OF THE 2ND
Mt. Vernon Bulls batting - Pitching for Bellevue Bruins : LHP Rafael Rivera
Batting: RHB Miguel Vásquez 0-0: Swinging Strike
0-1: Ball
1-1: Swinging Strike
1-2: Ball
2-2: Foul Ball, location: 2F
2-2: Ball
3-2: Strikes out swinging
Batting: RHB Dennis Morrow 0-0: Foul Ball, location: 2F
0-1: Foul Ball, location: 2F
0-2: Foul Ball, location: 2F
0-2: Ball
1-2: Foul Ball, location: 2F
1-2: Strikes out looking
Batting: LHB Jim Unknown 0-0: Swinging Strike
0-1: Swinging Strike
0-2: Ball
1-2: Strikes out swinging
Top of the 2nd over - 0 run(s), 0 hit(s), 0 error(s), 0 left on base; Mt. Vernon 0 - Bellevue 0
BOTTOM OF THE 2ND
Bellevue Bruins batting - Pitching for Mt. Vernon Bulls : LHP Ismael Padilla
Batting: RHB José Carlos Pérez 0-0: Called Strike
0-1: Swinging Strike
0-2: Foul Ball, location: 2F
0-2: Strikes out swinging
Batting: RHB Nelson Abbey 0-0: Called Strike
0-1: Foul Ball, location: 2F
0-2: Ball
1-2: Fly out, F9 (Flyball, 9S)
Batting: SHB Jesús Rodríguez 0-0: Foul Ball, location: 2F
0-1: Foul Ball, location: 2F
0-2: SINGLE (Line Drive, 34D)
Batting: RHB Luis Rodríguez 0-0: Called Strike
0-1: Ball
1-1: Foul Ball, location: 2F
1-2: Fly out, F8 (Popup, 4MD)
Bottom of the 2nd over - 0 run(s), 1 hit(s), 0 error(s), 1 left on base; Mt. Vernon 0 - Bellevue 0
TOP OF THE 3RD
Mt. Vernon Bulls batting - Pitching for Bellevue Bruins : LHP Rafael Rivera
Batting: RHB Vaclav Brem 0-0: Ball
1-0: Fly out, F9 (Flyball, 9LM)
Batting: RHB Jeff Green 0-0: Foul Ball, location: 2F
0-1: Swinging Strike
0-2: Ball
1-2: Strikes out swinging
Batting: LHB Raúl Trevino 0-0: Ball
1-0: Ground out U3 (Groundball, 3)
Top of the 3rd over - 0 run(s), 0 hit(s), 0 error(s), 0 left on base; Mt. Vernon 0 - Bellevue 0
BOTTOM OF THE 3RD
Bellevue Bruins batting - Pitching for Mt. Vernon Bulls : LHP Ismael Padilla
Batting: RHB Mark Bishop 0-0: Foul Ball, location: 2F
0-1: Swinging Strike
0-2: Ground out 1-6-3 (Groundball, 15S)
Batting: SHB Ramón García 0-0: Ball
1-0: Foul Ball, location: 2F
1-1: Ball
2-1: Foul Ball, location: 2F
2-2: Foul Ball, location: 2F
2-2: Strikes out swinging
Batting: RHB Nick Hoskins 0-0: Ball
1-0: Called Strike
1-1: Foul Ball, location: 2F
1-2: Strikes out swinging
Bottom of the 3rd over - 0 run(s), 0 hit(s), 0 error(s), 0 left on base; Mt. Vernon 0 - Bellevue 0
TOP OF THE 4TH
Mt. Vernon Bulls batting - Pitching for Bellevue Bruins : LHP Rafael Rivera
Batting: RHB Alfredo Mojica 0-0: Called Strike
0-1: Called Strike
0-2: Strikes out swinging
Batting: RHB Habbo Allaart 0-0: Ball
1-0: Ball
2-0: Hit by Pitch
Batting: RHB Franklin Gestel 0-0: Called Strike
Habbo Allaart steals 2nd base
0-1: Swinging Strike
0-2: Ball
1-2: Foul Ball, location: 2F
1-2: Ball
2-2: Foul Ball, location: 2F
2-2: Fly out, F7 (Flyball, 7M)
Batting: RHB Miguel Vásquez 0-0: Swinging Strike
0-1: Swinging Strike
0-2: Ball
1-2: Strikes out swinging
Top of the 4th over - 0 run(s), 0 hit(s), 0 error(s), 1 left on base; Mt. Vernon 0 - Bellevue 0
BOTTOM OF THE 4TH
Bellevue Bruins batting - Pitching for Mt. Vernon Bulls : LHP Ismael Padilla
Batting: RHB Leo Shoemaker 0-0: Called Strike
0-1: Swinging Strike
0-2: Strikes out looking
Batting: RHB Jesús Vargas 0-0: Called Strike
0-1: Foul Ball, location: 2F
0-2: Ball
1-2: Strikes out swinging
Batting: RHB José Carlos Pérez 0-0: Called Strike
0-1: SINGLE (Line Drive, 4MD)
Batting: RHB Nelson Abbey 0-0: Ball
1-0: Ball
2-0: Swinging Strike
2-1: Foul Ball, location: 2F
2-2: SINGLE (Groundball, 4MD)
José Carlos Pérez to second
Batting: SHB Jesús Rodríguez 0-0: Ball
1-0: Fielders Choice at 2nd, 6-4 (Groundball, 6)
Bottom of the 4th over - 0 run(s), 2 hit(s), 0 error(s), 1 left on base; Mt. Vernon 0 - Bellevue 0
TOP OF THE 5TH
Mt. Vernon Bulls batting - Pitching for Bellevue Bruins : LHP Rafael Rivera
Batting: RHB Dennis Morrow 0-0: Fly out, F7 (Flyball, 7S)
Batting: LHB Jim Unknown 0-0: Foul Ball, location: 2F
0-1: Swinging Strike
0-2: Foul Ball, location: 2F
0-2: Ball
1-2: Ball
2-2: Fly out, F9 (Line Drive, 89S)
Batting: RHB Vaclav Brem 0-0: Ball
1-0: Fly out, F8 (Popup, 8RS)
Top of the 5th over - 0 run(s), 0 hit(s), 0 error(s), 0 left on base; Mt. Vernon 0 - Bellevue 0
BOTTOM OF THE 5TH
Bellevue Bruins batting - Pitching for Mt. Vernon Bulls : LHP Ismael Padilla
Batting: RHB Luis Rodríguez 0-0: Ball
1-0: Fly out, F8 (Flyball, 8LM)
Batting: RHB Mark Bishop 0-0: Fly out, F9 (Flyball, 9LM)
Batting: SHB Ramón García 0-0: Ball
1-0: Ball
2-0: Fly out, F8 (Flyball, 8RM)
Bottom of the 5th over - 0 run(s), 0 hit(s), 0 error(s), 0 left on base; Mt. Vernon 0 - Bellevue 0
TOP OF THE 6TH
Mt. Vernon Bulls batting - Pitching for Bellevue Bruins : LHP Rafael Rivera
Batting: RHB Jeff Green 0-0: Ball
1-0: Ball
2-0: Ball
3-0: Base on Balls
Batting: LHB Raúl Trevino 0-0: Reached on error, E4 (Groundball, 4)
Jeff Green to second
Batting: RHB Alfredo Mojica 0-0: Sac Bunt - play at third, runner OUT -> throw to first, DP!
Raúl Trevino to second
Batting: RHB Habbo Allaart 0-0: Ground out 6-3 (Groundball, 6)
Top of the 6th over - 0 run(s), 0 hit(s), 1 error(s), 1 left on base; Mt. Vernon 0 - Bellevue 0
BOTTOM OF THE 6TH
Bellevue Bruins batting - Pitching for Mt. Vernon Bulls : LHP Ismael Padilla
Batting: RHB Nick Hoskins 0-0: Fly out, F6 (Popup, 6M)
Batting: RHB Leo Shoemaker 0-0: Ball
1-0: Ball
2-0: Ball
3-0: Called Strike
3-1: Foul Ball, location: 2F
3-2: Foul Ball, location: 2F
3-2: Base on Balls
Pitching: RHP Colm Soto
Batting: RHB Jesús Vargas 0-0: Ball
1-0: Called Strike
1-1: Ball
2-1: Fly out, F9 (Flyball, 9M)
Batting: RHB José Carlos Pérez 0-0: Ball
1-0: Swinging Strike
1-1: Ball
2-1: DOUBLE (Groundball, 5L)
Leo Shoemaker to third
Runner from 3rd tries for Home, throw and OUT!
Bottom of the 6th over - 0 run(s), 1 hit(s), 0 error(s), 1 left on base; Mt. Vernon 0 - Bellevue 0
TOP OF THE 7TH
Mt. Vernon Bulls batting - Pitching for Bellevue Bruins : LHP Rafael Rivera
Pinch Hitting: RHB Mariano Ramírez 0-0: Called Strike
0-1: Foul Ball, location: 2F
0-2: Ground out 6-3 (Groundball, 6M)
Batting: RHB Miguel Vásquez 0-0: Called Strike
0-1: Ball
1-1: Ball
2-1: Ball
3-1: Swinging Strike
3-2: Foul Ball, location: 2F
3-2: Fly out, F3 (Popup, 3SF)
Batting: RHB Dennis Morrow 0-0: Called Strike
0-1: Ground out 4-3 (Groundball, 4)
Top of the 7th over - 0 run(s), 0 hit(s), 0 error(s), 0 left on base; Mt. Vernon 0 - Bellevue 0
BOTTOM OF THE 7TH
Bellevue Bruins batting - Pitching for Mt. Vernon Bulls : RHP Colm Soto
Now at 3B: Mariano Ramírez
Pinch Hitting: LHB Jim Unknown 0-0: Called Strike
0-1: Foul Ball, location: 2F
0-2: Foul Ball, location: 2F
0-2: Ball
1-2: Strikes out looking
Pinch Hitting: RHB Jim Unknown 0-0: Ball
1-0: Called Strike
1-1: Ground out 6-3 (Groundball, 6)
Pinch Hitting: LHB Orlando López 0-0: Foul Ball, location: 2F
0-1: Ball
1-1: SINGLE (Line Drive, 9S)
Batting: RHB Mark Bishop 0-0: Ball
1-0: Called Strike
1-1: Called Strike
1-2: Ball
2-2: Strikes out swinging
Bottom of the 7th over - 0 run(s), 1 hit(s), 0 error(s), 1 left on base; Mt. Vernon 0 - Bellevue 0
TOP OF THE 8TH
Mt. Vernon Bulls batting - Pitching for Bellevue Bruins : LHP Rafael Rivera
Now at 1B: Jim Unknown
Now at 2B: Ernesto Valenzuela
Now in LF: Jim Unknown
Pinch Hitting: RHB Jorge Quezada 0-0: Called Strike
0-1: Foul Ball, location: 2F
0-2: Ball
1-2: Foul Ball, location: 2F
1-2: Ball
2-2: Ball
3-2: Base on Balls
Batting: RHB Vaclav Brem 0-0: Bunted foul
0-1: Bunted foul
0-2: Ball
1-2: Grounds into double play, 6-4-3 (Groundball, 6)
Batting: RHB Jeff Green 0-0: Ball
1-0: Foul Ball, location: 2F
1-1: Foul Ball, location: 2F
1-2: Ball
2-2: Strikes out looking
Top of the 8th over - 0 run(s), 0 hit(s), 0 error(s), 0 left on base; Mt. Vernon 0 - Bellevue 0
BOTTOM OF THE 8TH
Bellevue Bruins batting - Pitching for Mt. Vernon Bulls : RHP Colm Soto
Now in LF: José Macías
Batting: SHB Ramón García 0-0: Ball
1-0: Ball
2-0: Foul Ball, location: 2F
2-1: Swinging Strike
2-2: Strikes out swinging
Pinch Hitting: SHB Arsenio Sameiro 0-0: Called Strike
0-1: Called Strike
0-2: Ball
1-2: Ball
2-2: Fly out, F7 (Flyball, 7LS)
Batting: RHB Leo Shoemaker 0-0: Called Strike
0-1: Ball
1-1: Swinging Strike
1-2: Ground out 4-3 (Groundball, 4M)
Bottom of the 8th over - 0 run(s), 0 hit(s), 0 error(s), 0 left on base; Mt. Vernon 0 - Bellevue 0
TOP OF THE 9TH
Mt. Vernon Bulls batting - Pitching for Bellevue Bruins : LHP Rafael Rivera
Pitching: RHP Lyndon Smith
Now in CF: Edgar González
Batting: LHB Raúl Trevino 0-0: Called Strike
0-1: Called Strike
0-2: Fly out, F6 (Popup, 6D)
Batting: RHB Alfredo Mojica 0-0: Ball
1-0: Fly out, F8 (Flyball, 8RM)
Batting: RHB Habbo Allaart 0-0: Ball
1-0: Foul Ball, location: 2F
1-1: Ball
2-1: Ball
3-1: Base on Balls
Batting: RHB Mariano Ramírez 0-0: Ball
1-0: Foul Ball, location: 2F
1-1: Ground out 6-3 (Groundball, 6)
Top of the 9th over - 0 run(s), 0 hit(s), 0 error(s), 1 left on base; Mt. Vernon 0 - Bellevue 0
BOTTOM OF THE 9TH
Bellevue Bruins batting - Pitching for Mt. Vernon Bulls : RHP Colm Soto
Batting: RHB Jesús Vargas 0-0: Swinging Strike
0-1: Ball
1-1: Foul Ball, location: 2F
1-2: Ball
2-2: Strikes out looking
Batting: RHB José Carlos Pérez 0-0: Ball
1-0: Called Strike
1-1: Called Strike
1-2: Ball
2-2: Ball
3-2: Strikes out looking
Batting: LHB Jim Unknown 0-0: Swinging Strike
0-1: Called Strike
0-2: Ball
1-2: Strikes out swinging
Bottom of the 9th over - 0 run(s), 0 hit(s), 0 error(s), 0 left on base; Mt. Vernon 0 - Bellevue 0
TOP OF THE 10TH
Mt. Vernon Bulls batting - Pitching for Bellevue Bruins : RHP Lyndon Smith
Pinch Hitting: RHB Marvin Hayes 0-0: Called Strike
0-1: Swinging Strike
0-2: Ball
1-2: Foul Ball, location: 2F
1-2: Strikes out swinging
Batting: RHB Dennis Morrow 0-0: Called Strike
0-1: Ball
1-1: Ball
2-1: Swinging Strike
2-2: Foul Ball, location: 2F
2-2: Foul Ball, location: 2F
2-2: Foul Ball, location: 2F
2-2: Strikes out swinging
Pinch Hitting: RHB Luis Campos 0-0: Called Strike
0-1: Ground out 6-3 (Groundball, 6)
Top of the 10th over - 0 run(s), 0 hit(s), 0 error(s), 0 left on base; Mt. Vernon 0 - Bellevue 0
BOTTOM OF THE 10TH
Bellevue Bruins batting - Pitching for Mt. Vernon Bulls : RHP Colm Soto
Now at C: Luis González
Now in LF: Luis Campos
Batting: RHB Jim Unknown 0-0: Ball
1-0: Swinging Strike
1-1: Foul Ball, location: 2F
1-2: Strikes out looking
Batting: SHB Ernesto Valenzuela 0-0: Ball
1-0: Called Strike
1-1: Called Strike
1-2: Strikes out swinging
Batting: RHB Mark Bishop 0-0: Ball
1-0: Called Strike
1-1: Foul Ball, location: 2F
1-2: Ball
2-2: Ball
3-2: Foul Ball, location: 2F
3-2: Strikes out looking
Bottom of the 10th over - 0 run(s), 0 hit(s), 0 error(s), 0 left on base; Mt. Vernon 0 - Bellevue 0
TOP OF THE 11TH
Mt. Vernon Bulls batting - Pitching for Bellevue Bruins : RHP Lyndon Smith
Pitching: RHP Ed Taylor
Pinch Hitting: RHB Alfonso Bocanegra 0-0: Called Strike
0-1: Ball
1-1: Swinging Strike
1-2: Strikes out swinging
Batting: RHB Jeff Green 0-0: Called Strike
0-1: Called Strike
0-2: Foul Ball, location: 2F
0-2: Strikes out swinging
Batting: LHB Raúl Trevino 0-0: Ball
1-0: Swinging Strike
1-1: SINGLE (Groundball, 6MS) (infield hit)
Batting: RHB Alfredo Mojica 0-0: Called Strike
0-1: Foul Ball, location: 2F
0-2: Strikes out looking
Top of the 11th over - 0 run(s), 1 hit(s), 0 error(s), 1 left on base; Mt. Vernon 0 - Bellevue 0
BOTTOM OF THE 11TH
Bellevue Bruins batting - Pitching for Mt. Vernon Bulls : RHP Colm Soto
Now in RF: Alfonso Bocanegra
Batting: SHB Ramón García 0-0: Ball
1-0: Ball
2-0: Called Strike
2-1: Foul Ball, location: 2F
2-2: Foul Ball, location: 2F
2-2: Ball
3-2: Strikes out looking
Pinch Hitting: RHB Bert Motevassel 0-0: Ball
1-0: Foul Ball, location: 2F
1-1: Foul Ball, location: 2F
1-2: Strikes out swinging
Batting: RHB Leo Shoemaker 0-0: Called Strike
0-1: Swinging Strike
0-2: Foul Ball, location: 2F
0-2: Foul Ball, location: 2F
0-2: Ball
1-2: Ball
2-2: SINGLE (Line Drive, 89M)
Batting: RHB Jesús Vargas 0-0: Ball
1-0: Ball
2-0: Ball
Leo Shoemaker is caught stealing 2nd base
Bottom of the 11th over - 0 run(s), 1 hit(s), 0 error(s), 0 left on base; Mt. Vernon 0 - Bellevue 0
TOP OF THE 12TH
Mt. Vernon Bulls batting - Pitching for Bellevue Bruins : RHP Ed Taylor
Now in RF: Bert Motevassel
Batting: RHB Habbo Allaart 0-0: Called Strike
0-1: Called Strike
0-2: Strikes out swinging
Batting: RHB Mariano Ramírez 0-0: Ball
1-0: Called Strike
1-1: Called Strike
1-2: Ball
2-2: Strikes out swinging
Batting: RHB Luis González 0-0: Called Strike
0-1: Foul Ball, location: 2F
0-2: Ground out 6-3 (Groundball, 6)
Top of the 12th over - 0 run(s), 0 hit(s), 0 error(s), 0 left on base; Mt. Vernon 0 - Bellevue 0
BOTTOM OF THE 12TH
Bellevue Bruins batting - Pitching for Mt. Vernon Bulls : RHP Colm Soto
Batting: RHB Jesús Vargas 0-0: Ball
1-0: SINGLE (Line Drive, 7S)
Batting: RHB José Carlos Pérez 0-0: Ball
1-0: Called Strike
Jesús Vargas is caught stealing 2nd base
1-1: Foul Ball, location: 2F
1-2: Fly out, F8 (Flyball, 8LM)
Batting: LHB Jim Unknown 0-0: Ball
1-0: Ball
2-0: Called Strike
2-1: Fly out, F7 (Flyball, 7M)
Bottom of the 12th over - 0 run(s), 1 hit(s), 0 error(s), 0 left on base; Mt. Vernon 0 - Bellevue 0
TOP OF THE 13TH
Mt. Vernon Bulls batting - Pitching for Bellevue Bruins : RHP Ed Taylor
Batting: RHB Dennis Morrow 0-0: Ground out 6-3 (Groundball, 6)
Batting: RHB Luis Campos 0-0: SINGLE (Line Drive, 4D)
Batting: RHB Alfonso Bocanegra 0-0: Ball
1-0: Ball
2-0: Swinging Strike
2-1: Ball
3-1: Base on Balls
Luis Campos to second
Batting: RHB Jeff Green 0-0: Called Strike
0-1: Swinging Strike
0-2: Ball
1-2: Foul Ball, location: 2F
1-2: Strikes out swinging
Batting: LHB Raúl Trevino 0-0: Foul Ball, location: 2F
0-1: Foul Ball, location: 2F
0-2: Foul Ball, location: 2F
0-2: Strikes out swinging
Top of the 13th over - 0 run(s), 1 hit(s), 0 error(s), 2 left on base; Mt. Vernon 0 - Bellevue 0
BOTTOM OF THE 13TH
Bellevue Bruins batting - Pitching for Mt. Vernon Bulls : RHP Colm Soto
Batting: RHB Jim Unknown 0-0: Called Strike
0-1: Called Strike
0-2: Ball
1-2: Ball
2-2: SOLO HOME RUN (Flyball, 78XD), Distance : 438 ft
This league is powered by Out of the Park Baseball, the baseball management simulation game for PC, Mac and Linux
Friday, April 15th, 2016 - OOTP Baseball 16.9 Build 39